 Dungeon Crawl Stone Soup version 0.30-a0-339-g89bb51ec76 (webtiles) character file.

Game seed: 13937353197441965908

751 Lobster4 the Trooper (level 8, -4/56 HPs)
             Began as a Human Fighter on Oct 31, 2022.
             Was a Follower of Hepliaklqana.
             Slain by Menkaure (14 damage)
             ... on level 5 of the Dungeon.
             The game lasted 00:15:33 (5040 turns).

Lobster4 the Trooper (Human Fighter)                Turns: 5040, Time: 00:15:34

Health: -4/56      AC: 12    Str: 20    XL:     8   Next: 6%
Magic:  9/9        EV:  8    Int:  8    God:    Hepliaklqana [*.....]
Gold:   258        SH:  9    Dex: 12    Spells: 6/7 levels left

rFire   . . .      SeeInvis .    a - +0 long sword
rCold   . . .      Faith    .    p - +0 kite shield
rNeg    + . .      Spirit   .    i - +2 scale mail {rN+}
rPois   .          Reflect  .    (no helmet)
rElec   .          Harm     .    (no cloak)
rCorr   .          Rampage  .    m - +0 pair of gloves
Will    .....                    f - +1 pair of boots
Stlth   ..........               (no amulet)
HPRegen 0.29/turn                (no ring)
MPRegen 0.11/turn                (no ring)

@: mighty, lethally poisoned (-4 -> -10)
A: reduced essence
a: Renounce Religion, Recall Ancestor, Ancestor Identity


You were on level 5 of the Dungeon.
You worshipped Hepliaklqana.
Hepliaklqana was aware of your devotion.
You visited 1 branch of the dungeon, and saw 5 of its levels.

You collected 258 gold pieces.

Inventory:

Hand Weapons
 a - a +0 long sword (weapon)
 b - a +0 sling
 u - a +0 war axe
 y - a +1 vorpal flail
Missiles
 e - 49 stones
 r - 7 boomerangs (quivered)
 w - 9 poisoned darts
Armour
 c - a +0 buckler
 f - a +1 pair of boots (worn)
 i - a +2 scale mail of positive energy (worn)
 m - a +0 pair of gloves (worn)
 p - a +0 kite shield (worn)
 C - a +0 plate armour
Jewellery
 q - a ring of see invisible
 s - a ring of willpower
Scrolls
 j - 2 scrolls of vulnerability {unknown}
 l - a scroll of immolation {unknown}
 n - 3 scrolls of poison
 o - a scroll of enchant armour
 t - a scroll of teleportation
 v - a scroll of silence
 A - a scroll of torment {unknown}
 B - a scroll of enchant weapon {unknown}
Potions
 g - a potion of resistance
 h - a potion of lignification {unknown}
 k - a potion of brilliance {unknown}
 x - a potion of haste
 z - a potion of magic


   Skills:
 * Level 5.6 Fighting
 + Level 3.8 Long Blades
 + Level 2.1 Throwing
 + Level 4.4 Armour
 + Level 4.4 Shields
 + Level 0.0 Spellcasting
 + Level 0.1 Conjurations
 + Level 2.5 Invocations


You had 6 spell levels left.
You knew the following spells:

 Your Spells              Type           Power      Damage    Failure   Level
a - Magic Dart            Conj           0%         1d3       97%         1

Your spell library contained the following spells:

 Spells                   Type           Power      Damage    Failure   Level
 Slow                     Hex            0%         N/A       98%         1
 Call Imp                 Summ           0%         N/A       99%         2
 Confusing Touch          Hex            0%         N/A       100%        3
 Mephitic Cloud           Conj/Pois/Air  0%         N/A       100%        3
 Tukima's Dance           Hex            0%         N/A       100%        3
 Vampiric Draining        Necr           0%         2d6       100%        3
 Passage of Golubria      Tloc           0%         N/A       100%        4
 Yara's Violent Unravell  Hex/Tmut       0%         3d3       100%        5


Dungeon Overview and Level Annotations

Branches:
Dungeon (5/15)
 Temple: D:4-7

Altars:
Dithmenos
Fedhas
Hepliaklqana
Kikubaaqudgha
Makhleb
Vehumet
Wu Jian
The Shining One

Annotations:
D:5 Darkkill's ghost, novice MiHu; Menkaure


Message History

You feel very mighty all of a sudden.
Found an escape hatch in the floor.
Menkaure's bandages flutter.
Menkaure gestures wildly while chanting.
Menkaure seems to speed up.
A scorpion comes into view.
You block the adder's attack.
Kammani hits the adder!
Menkaure hits you!
The adder closely misses Kammani.
You hit Menkaure.
Menkaure is moderately damaged.
The adder barely misses Kammani.
Kammani hits the adder.
The adder dies!
Menkaure hits you!
You hit Menkaure.
Menkaure is heavily damaged.
You block Menkaure's attack. You block the scorpion's attack.
Menkaure hits you but does no damage.
You barely miss Menkaure.
Menkaure is heavily damaged.
The scorpion stings you but does no damage.
Menkaure closely misses you.
Kammani barely misses Menkaure.
You block the scorpion's attack.
You barely miss Menkaure.
Menkaure is heavily damaged.
Menkaure calls on the powers of darkness!
Your body is wracked with pain!
The scorpion convulses!
Kammani hits Menkaure but does no damage.
The scorpion stings you.
You are poisoned.
The scorpion poisons you! Menkaure casts a spell at you.
Pain shoots through your body!
* * * LOW HITPOINT WARNING * * *
Okay, then.
You closely miss Menkaure.
Menkaure is heavily damaged.
* * * LOW HITPOINT WARNING * * *
You feel very sick. You block the scorpion's attack.
Kammani hits Menkaure.
Menkaure hits you!
You die...

.......>.....#
............. .
............##.
.........#..#..9#
........#..##... ##
#......#(..##W. .
#..#sR†.....#.## ###
#...M@.....##x. #..#
######......#g5###...##
... ##.....####.......
#.##)................
#....................
#####...............##..
.......................#
#####...............####
#...............#


You could see the friendly Kammani the ancestor, Menkaure (fast, ally target)
and a scorpion.

Vanquished Creatures
  A gnoll sergeant (D:4)
  A hound (D:4)
  An orc priest (D:3)
  An orc wizard (D:3)
  8 adders
  9 gnolls (D:4)
  5 worms
  5 dart slugs
  21 orcs
  7 ball pythons
  4 endoplasms
  4 giant cockroaches
  4 goblins
  5 hobgoblins
  10 jackals
  4 quokkas
  2 bats (D:3)
  2 frilled lizards (D:2)
  7 kobolds
  2 rats
103 creatures vanquished.

Vanquished Creatures (collateral kills)
  2 howler monkeys (D:4)
  A jelly (D:4)
  An orc priest (D:4)
  Ijyb (D:5)
  10 gnolls (D:4)
  2 adders (D:5)
  9 orcs (D:4)
  An endoplasm (D:4)
  A giant cockroach (D:4)
  5 jackals (D:4)
  A goblin (D:4)
34 creatures vanquished.

Vanquished Creatures (others)
  A fungus (D:4)
  2 plants (D:4)
  2 withered plants (D:2)
5 creatures vanquished.

Grand Total: 142 creatures vanquished

Notes
Turn   | Place    | Note
-------+----------+-------------------------------------------
     0 | D:1      | Lobster4 the Human Fighter began the quest for the Orb.
     0 | D:1      | Reached XP level 1. HP: 18/18 MP: 1/1
    18 | D:1      | Reached XP level 2. HP: 24/24 MP: 2/2
   384 | D:1      | Reached XP level 3. HP: 25/29 MP: 3/3
   784 | D:2      | Found a faded altar of an unknown god.
  1052 | D:1      | Reached XP level 4. HP: 22/37 MP: 4/4
  1431 | D:2      | Reached skill level 4 in Fighting
  1992 | D:3      | Reached XP level 5. HP: 30/42 MP: 5/5
  2285 | D:3      | Found an ancient bone altar of Kikubaaqudgha.
  2337 | D:3      | Found a radiant altar of Vehumet.
  2342 | D:3      | Found a burning altar of Makhleb.
  2344 | D:3      | Found a shadowy altar of Dithmenos.
  2344 | D:3      | Found a glowing golden altar of the Shining One.
  2345 | D:3      | Found a hazy altar of Hepliaklqana.
  2347 | D:3      | Found an ornate altar of the Wu Jian Council.
  2364 | D:3      | Became a worshipper of Hepliaklqana the Forgotten
  2528 | D:3      | Reached XP level 6. HP: 16/49 MP: 6/6
  3381 | D:4      | Reached * piety under Hepliaklqana
  3414 | D:4      | Reached skill level 1 in Invocations
  3460 | D:4      | Reached skill level 1 in Throwing
  3582 | D:4      | Reached XP level 7. HP: 40/49 MP: 6/8
  3689 | D:4      | Reached skill level 5 in Fighting
  4072 | D:4      | Found a blossoming altar of Fedhas.
  4807 | D:4      | Reached XP level 8. HP: 39/56 MP: 9/9
  4962 | D:5      | Entered Level 5 of the Dungeon
  4970 | D:5      | Noticed Ijyb
  4990 | D:5      | Killed Ijyb
  5000 | D:5      | Learned a level 1 spell: Magic Dart
  5025 | D:5      | Noticed Darkkill's ghost (novice MiHu)
  5027 | D:5      | Noticed a toenail golem
  5031 | D:5      | Noticed Menkaure
  5040 | D:5      | Slain by Menkaure

Illustrated notes

Levels and vault maps discovered:
D:1:      saegor_arrival_simple_c, layout_basic
D:2:      layout_basic, ebering_ecumenical_altar_petrified, minmay_liquid_box
D:3:      minmay_wonky_spiral, layout_loops_cross,
          nicolae_overflow_hallway_of_the_gods, small_statue_intersection,
          dreamdust_princess_bridge, grunt_ministairs_8, minmay_crystal_room
D:4:      lemuel_castle_with_subvaults [lemuel_castle_interior_carwin_1],
          layout_rooms, lemuel_doored_altar, serial_rivers,
          chequers_serial_rivers_micro_d, chequers_serial_rivers_small_b,
          chequers_serial_rivers_small_3, chequers_serial_rivers_large_b,
          chequers_serial_rivers_micro_b, chequers_serial_rivers_small_3
D:5:      layout_rooms, gammafunk_ghost_abyssal_escape, uniq_ijyb,
          uniq_eustachio, uniq_menkaure

Skill      XL: |  1  2  3  4  5  6  7 |
---------------+----------------------+-----
Fighting       | 4 5 |  5.6
Long Blades    | 3 |  3.8
Invocations    | 1 2 |  2.5
Throwing       | 1 2 |  2.1
Armour         | 4 |  4.4
Shields        | 4 |  4.4
Conjurations   | |  0.1

Action                   |  1- 3 |  4- 6 |  7- 9 || total
-------------------------+-------+-------+-------++-------
Melee: Long sword        |   102 |   216 |   134 ||   452
 Fire: Sling             |       |     4 |       ||     4
Throw: Stone             |     6 |       |       ||     6
       Dart              |       |     4 |       ||     4
       Boomerang         |       |       |    19 ||    19
  Use: Scroll            |       |     5 |     9 ||    14
       Potion            |       |     2 |     3 ||     5
 Stab: Distracted        |       |       |     1 ||     1
Armor: Scale mail        |    45 |   106 |    66 ||   217
Dodge: Dodged            |    52 |   114 |    45 ||   211
Block: Buckler           |    21 |    45 |    30 ||    96
       Kite shield       |       |       |    19 ||    19

Table legend: (Time is in decaauts)
 A = Elapsed time spent in this place.
 B = Non-inter-level travel time spent in this place.
 C = Inter-level travel time spent in this place.
 D = Time resting spent in this place.
 E = Time spent auto-exploring this place.
 F = Levels seen in this place.
 G = Mean time per level.
                   A        B        C        D        E       F      G
               +--------+--------+--------+--------+--------+-----+--------+
         Total |   5254 |   4991 |    263 |    405 |   3205 |   5 | 1050.8 |
       Dungeon |   5254 |   4991 |    263 |    405 |   3205 |   5 | 1050.8 |
               +--------+--------+--------+--------+--------+-----+--------+

Top non-repeatable levels by time:
     D:4: 1633 daAuts
     D:3: 1549 daAuts
     D:2: 1270 daAuts
     D:1: 715 daAuts
     D:5: 85 daAuts
